 Dungeon Sprint DCSS version 0.26-a0-663-g36e8fdb655 (webtiles) character file.

Game seed: 3684005879991485906

167 sahdkjhfkaj the Artisan of Death (level 5, -5/28 HPs)
             Began as a Deep Elf Necromancer on Oct 10, 2020.
             Was a Priest of Kikubaaqudgha.
             Slain by an orc warrior
             ... wielding a +0 glaive
              (23 damage)
             ... in the Dungeon (Sprint VII: "The Pits").
             The game lasted 00:02:02 (621 turns).

sahdkjhfkaj the Artisan of Death (DENe)              Turns: 621, Time: 00:02:08

Health: -5/28      AC:  2    Str:  5    XL:     5   Next: 23%
Magic:  17/17      EV: 16    Int: 21    God:    Kikubaaqudgha [***...]
Gold:   0          SH:  0    Dex: 15    Spells: 15/19 levels left

rFire    . . .     SeeInvis .   n - +2 long sword (flame)
rCold    . . .     Faith    .   (no shield)
rNeg     . . .     Spirit   .   a - +0 robe
rPois    .         Reflect  .   (no helmet)
rElec    .         Harm     .   (no cloak)
rCorr    .         Rampage  .   (no gloves)
MR       .....     NoTele   +   (no boots)
Stlth    ++........             (no amulet)
HPRegen  0.09/turn              (no ring)
MPRegen  0.15/turn              (no ring)

@: no status effects
A: no striking features
a: Receive Corpses, Renounce Religion


You were in the Dungeon.
You worshipped Kikubaaqudgha.
Kikubaaqudgha was most pleased with you.
You visited 1 branch

Inventory:

Hand Weapons
 n - a +2 long sword of flaming (weapon)
Armour
 a - a +0 robe (worn)
Scrolls
 h - a scroll of blinking
 j - 3 scrolls of remove curse
 k - 5 scrolls of amnesia
 l - a scroll of summoning
 m - 2 scrolls of vulnerability
Potions
 c - 6 potions of curing
 d - 6 potions of heal wounds
 e - a potion of haste
 f - 4 potions of magic
 g - 3 potions of berserk rage
 i - 2 potions of invisibility


   Skills:
 + Level 6.8 Dodging
 - Level 2.4 Stealth
 + Level 7.5 Spellcasting
 * Level 10.2 Necromancy


You had 15 spell levels left.
You knew the following spells:

 Your Spells              Type           Power        Failure   Level
a - Pain                  Necr           ####         1%          1
b - Vampiric Draining     Necr           ######....   1%          3

Your spell library contained the following spells:

 Spells                   Type           Power        Failure   Level
 Animate Skeleton         Necr           ######       1%          1
 Corpse Rot               Necr/Air       N/A          1%          2
 Sublimation of Blood     Necr           ######....   1%          2
 Animate Dead             Necr           ######....   1%          4
 Agony                    Necr           ######..     3%          5


Dungeon Overview and Level Annotations

Branches:
Dungeon (1/1)

Altars:
Ashenzari
Cheibriados
Dithmenos
Elyvilon
Fedhas
Gozag
Hepliaklqana
Kikubaaqudgha
Makhleb
Nemelex Xobeh
Okawaru
Qazlal
Ru
Sif Muna
Trog
Uskayaw
Vehumet
Wu Jian
Xom
Yredelemnul
Zin
The Shining One
Beogh
Jiyva
Lugonu


Message History

There's nothing to close nearby.
An iron imp opens the door.
Okay, then.
Unknown command.
Casting: Vampiric Draining (safe; 1% risk of failure)
Confirm with . or Enter, or press ? or * to list all spells.
Okay, then.
Unknown command.
You barely miss the iron imp. The iron imp misses you.
The orc warrior closely misses you.
You hit the iron imp but do no damage. The iron imp hits you.
* * * LOW HITPOINT WARNING * * *
The orc warrior closely misses you.
You hit the iron imp.
The iron imp is lightly wounded.
The iron imp closely misses you.
The orc warrior hits you from afar with a +0 glaive!!
Ouch! That really hurt!
You die...
Kikubaaqudgha rasps: "You have failed me!
Welcome... death!"

############
#_________.#
#_________.#
#_______...###########++
##########'##...........
#..(.')))'.##......#..#.
##########.##...........
#...........o5@.........
#'#####'#####......#..#.
#)#...#.#..##...........
#o#...#÷#))#####'#####++
#.#...÷.#))##.......#
#.##÷####))##.......#
#.#.)...#[[##.......#
#.#.....#'###...<...#
#.#........##.......#


You could see an orc warrior and an iron imp.

Vanquished Creatures
  A floating eye (D)
  Jessica (D)
  A gnoll (D)
  2 river rats (D)
  An ufetubus (D)
  2 ball pythons (D)
  A bat skeleton (D)
  2 quokkas (D)
11 creatures vanquished.

Notes
Turn   | Place    | Note
-------+----------+-------------------------------------------
     0 | D        | sahdkjhfkaj the Deep Elf Necromancer began the quest for
                  | the Orb.
     0 | D        | Reached XP level 1. HP: 10/10 MP: 6/6
    32 | D        | Reached skill level 5 in Necromancy
   108 | D        | Found a bloodstained altar of Trog.
   108 | D        | Found a shimmering blue altar of Sif Muna.
   108 | D        | Found a viscous altar of Jiyva.
   108 | D        | Found a hazy altar of Hepliaklqana.
   108 | D        | Found an opulent altar of Gozag.
   109 | D        | Found a glowing golden altar of the Shining One.
   109 | D        | Found a glowing silver altar of Zin.
   109 | D        | Found a basalt altar of Yredelemnul.
   109 | D        | Found a shimmering altar of Xom.
   109 | D        | Found an ornate altar of the Wu Jian Council.
   109 | D        | Found a sacrificial altar of Ru.
   109 | D        | Found a stormy altar of Qazlal.
   109 | D        | Found an iron altar of Okawaru.
   109 | D        | Found a sparkling altar of Nemelex Xobeh.
   109 | D        | Found a burning altar of Makhleb.
   109 | D        | Found a blossoming altar of Fedhas.
   109 | D        | Found a white marble altar of Elyvilon.
   109 | D        | Found a shadowy altar of Dithmenos.
   109 | D        | Found a snail-covered altar of Cheibriados.
   110 | D        | Found a radiant altar of Vehumet.
   110 | D        | Found a corrupted altar of Lugonu.
   110 | D        | Found a roughly hewn altar of Beogh.
   111 | D        | Found an ancient bone altar of Kikubaaqudgha.
   111 | D        | Found a hide-covered altar of Uskayaw.
   111 | D        | Found a broken altar of Ashenzari.
   119 | D        | Became a worshipper of Kikubaaqudgha
   161 | D        | Reached skill level 6 in Necromancy
   161 | D        | Reached XP level 2. HP: 14/15 MP: 5/9
   231 | D        | Noticed a floating eye
   239 | D        | Paralysed by a floating eye for 3 turns
   245 | D        | Paralysed by a floating eye for 2 turns
   250 | D        | Killed a floating eye
   250 | D        | Reached * piety under Kikubaaqudgha
   250 | D        | Identified Kikubaaqudgha's Compendium of Evil Secrets
                  | (Kikubaaqudgha gifted it to you in the Dungeon)
   250 | D        | Received a gift from Kikubaaqudgha
   250 | D        | Reached skill level 9 in Necromancy
   250 | D        | Reached XP level 3. HP: 19/19 MP: 10/13
   250 | D        | Reached XP level 4. HP: 24/24 MP: 10/14
   295 | D        | Reached ** piety under Kikubaaqudgha
   463 | D        | Learned a level 3 spell: Vampiric Draining
   535 | D        | Noticed Jessica
   538 | D        | Noticed an orc warrior
   548 | D        | Killed Jessica
   548 | D        | Reached skill level 10 in Necromancy
   548 | D        | Reached XP level 5. HP: 14/28 MP: 13/17
   550 | D        | Reached *** piety under Kikubaaqudgha
   550 | D        | Identified Kikubaaqudgha's Volume of Black Rituals
                  | (Kikubaaqudgha gifted it to you in the Dungeon)
   550 | D        | Received a gift from Kikubaaqudgha
   621 | D        | Slain by an orc warrior

Illustrated notes

Levels and vault maps discovered:
D:        pitsprint [storerooms_1, entrance_room_1, metal_vault_4, armoury_3,
          mini_pit_1, grid_room_1, main_hall_1, silver_pit, the_coven_3,
          the_vestibule_1, steel_vault_3, golden_pit, hallway_of_sentries,
          crystal_vault_5, iron_vault_3, final_vault]

Skill      XL: |  1  2  3  4 |
---------------+-------------+-----
Necromancy     | 6 9 10 | 10.2
Dodging        | 3 6 |  6.8
Spellcasting   | 4 6 7 |  7.5
Stealth        | |  2.4

Action                   |  1- 3 |  4- 6 || total
-------------------------+-------+-------++-------
Melee: Unarmed           |    19 |       ||    19
       Falchion          |     3 |       ||     3
       Long sword        |       |     6 ||     6
 Cast: Pain              |     5 |    10 ||    15
       Vampiric Draining |       |     1 ||     1
 Stab: Sleeping          |     1 |       ||     1
Armor: Robe              |    23 |     3 ||    26
Dodge: Dodged            |    24 |    18 ||    42
       Rpst.: Long sword |       |     1 ||     1

Table legend: (Time is in decaauts)
 A = Elapsed time spent in this place.
 B = Non-inter-level travel time spent in this place.
 C = Inter-level travel time spent in this place.
 D = Time resting spent in this place.
 E = Time spent auto-exploring this place.
 F = Levels seen in this place.
 G = Mean time per level.
                   A        B        C        D        E       F      G
               +--------+--------+--------+--------+--------+-----+--------+
         Total |    622 |    589 |     33 |    338 |      0 |   1 |  622.0 |
       Dungeon |    622 |    589 |     33 |    338 |      0 |   1 |  622.0 |
               +--------+--------+--------+--------+--------+-----+--------+

Top non-repeatable levels by time:
       D: 622 daAuts
